 Dungeon Crawl Stone Soup version 0.14-a0-1863-gcc20582 (webtiles) character file.

1142 Deemzul the Cleaver (level 7, 0/57 HPs)
             Began as a Lava Orc Fighter on Jan 13, 2014.
             Was a Follower of Cheibriados.
             Slain by an orc
             ... wielding a +1,+1 orcish vampiric trident
              (3 damage)
             ... on Level 6 of the Dungeon.
             The game lasted 00:07:00 (2684 turns).

Deemzul the Cleaver (Lava Orc Fighter)              Turns: 2684, Time: 00:07:00

HP   0/57        AC  9     Str 24      XL: 7   Next: 87%
MP   7/7         EV  4     Int 11      God: Cheibriados [*.....]
Gold 204         SH 29     Dex 13      Spells:  0 memorised,  6 levels left

rFire  + + +     SeeInvis +     a - +0 orc hand axe (curse)
rCold  x . .     Clarity  .     b - +0 orc scale mail
rNeg   . . .     Conserve .     h - +0 large shield
rPois  .         rCorr    .     j - +0 helmet
rElec  .         rRot     .     s - +0 cloak
SustAb . .       Spirit   .     (no gloves)
rMut   .         Warding  .     (no boots)
Saprov + . .     Stasis   .     (no amulet)
MR     .....                    (no ring)
                                r - ring of see invisible

@: very slow, not resistant to hostile enchantments, extremely unstealthy
A: conserve scrolls, saprovore 1
a: Bend Time, Renounce Religion


You were on level 6 of the Dungeon.
You worshipped Cheibriados.
Cheibriados was aware of your devotion.
You were hungry.

You visited 2 branches of the dungeon, and saw 7 of its levels.

You collected 204 gold pieces.

Inventory:

Hand weapons
 a - a cursed +0,+0 orcish hand axe (weapon)
Armour
 b - a +0 orcish scale mail (worn)
 c - a +0 orcish shield
 h - a +0 large shield (worn)
 j - a +0 helmet (worn)
 s - a +0 cloak (worn)
Comestibles
 d - 4 meat rations
 g - a lemon
 i - a choko
 l - a pear
 n - a lychee
 p - 2 bread rations
Scrolls
 e - 2 scrolls of teleportation {unknown}
 f - a scroll of enchant weapon I {unknown}
 k - 2 scrolls of immolation {unknown}
 m - a scroll of remove curse {unknown}
Jewellery
 r - a ring of see invisible (left hand)


   Skills:
 - Level 3.6 Fighting
 + Level 10.9 Axes
 - Level 3.2 Armour
 - Level 3.2 Shields


You had 6 spell levels left.
You didn't know any spells.

Dungeon Overview and Level Annotations

Branches:
Dungeon (6/16)             Temple (1/1) D:4

Altars:
Ashenzari
Cheibriados
Kikubaaqudgha
Makhleb
Vehumet
the Shining One


Innate Abilities, Weirdness & Mutations

You have stony skin.
Your flesh is almost immune to the effects of heat.
Your fire spells are more powerful.
Your flesh is vulnerable to cold.
Your heat harms attackers.
You bathe your surroundings in blazing heat.
You are too hot to use scrolls.
You are very good at protecting items from fire.
You can tolerate rotten meat.


Message History

You kill the orc priest!
Cheibriados appreciates the change of pace.
Unknown command.
Unknown command.
You hit the orc warrior.
The orc warrior is severely wounded.
You block the orc warrior's attack. You block the orc's attack.
Unknown command.
Unknown command.
You closely miss the orc warrior.
The orc warrior is severely wounded.
The orc warrior is burned by your radiant heat.
The orc warrior is almost dead.
You block the orc warrior's attack.
Unknown command.
Unknown command.
You hit the orc warrior.
The orc warrior is almost dead.
The orc hits you from afar with a glowing orcish trident.
You die...

#### ###(..###
.#.......#
.o....o...## #o)).#
#### ##@).###..###
#.)..##....###
###...#.......#
#.............###
#........##.....#
###...#...###.....###
#.....#....####.....#
###....###...##
#.....# #......#
#....# ###....


You could see an orc warrior and an orc.

Vanquished Creatures
  An orc warrior (D:6)
  An ice beast (D:5)
  2 ogres
  A centaur (D:5)
  A giant frog (D:6)
  3 crimson imps (D:5)
  An orc priest (D:6)
  3 orc wizards
  A scorpion (D:6)
  A worker ant (D:5)
  9 adders
  A grey rat (D:1)
  2 giant eyeballs
  14 orcs
  A ball python (D:5)
  2 giant cockroaches (D:2)
  7 goblins
  5 hobgoblins
  7 kobolds
  6 bats
  7 giant geckos
  A giant newt (D:1)
  A hobgoblin zombie (D:4)
  7 jackals
  A jackal skeleton (D:5)
  3 quokkas
  16 rats
105 creatures vanquished.

Notes
Turn   | Place    | Note
--------------------------------------------------------------
     0 | D:1      | Deemzul, the Lava Orc Fighter, began the quest for the Orb.
     0 | D:1      | Reached XP level 1. HP: 19/19 MP: 1/1
   183 | D:1      | Reached XP level 2. HP: 26/26 MP: 2/2
   662 | D:2      | Reached skill level 4 in Axes
   797 | D:2      | Reached XP level 3. HP: 31/31 MP: 3/3
  1064 | D:3      | Reached skill level 5 in Axes
  1122 | D:3      | Reached XP level 4. HP: 39/39 MP: 4/4
  1443 | D:4      | Reached skill level 6 in Axes
  1459 | D:4      | Reached XP level 5. HP: 28/45 MP: 5/5
  1464 | D:4      | Found a staircase to the Ecumenical Temple.
  1482 | Temple   | Entered the Ecumenical Temple
  1507 | Temple   | Became a worshipper of Cheibriados the Contemplative
  1637 | D:5      | Entered Level 5 of the Dungeon
  1639 | D:5      | Noticed a centaur
  1643 | D:5      | Noticed an ogre
  1650 | D:5      | Killed a centaur
  1650 | D:5      | Reached skill level 7 in Axes
  1655 | D:5      | Killed an ogre
  1655 | D:5      | Reached skill level 8 in Axes
  1655 | D:5      | Reached XP level 6. HP: 51/51 MP: 6/6
  1812 | D:5      | Paralysed by a potion of paralysis for 7 turns
  1884 | D:5      | Noticed an ice beast
  1900 | D:5      | Killed an ice beast
  1900 | D:5      | Reached skill level 9 in Axes
  1900 | D:5      | Reached XP level 7. HP: 54/57 MP: 7/7
  1994 | D:5      | Paralysed by a giant eyeball for 3 turns
  2139 | D:5      | Found a shattered altar of Ashenzari.
  2182 | D:6      | Reached skill level 10 in Axes
  2680 | D:6      | HP: 2/57 [orc priest/orcish club (3)]
  2684 | D:6      | Slain by an orc

Action                   |  1- 3 |  4- 6 |  7- 9 || total
-------------------------+-------+-------+-------++-------
Melee: Hand axe          |   127 |   156 |   132 ||   415
  Use: Potion            |       |     7 |     1 ||     8
       Scroll            |       |     4 |     2 ||     6
 Stab: Invisible         |       |     5 |       ||     5
